 Dungeon Crawl Stone Soup version 0.30-a0-782-ge64f9170bb (webtiles) character file.

Game seed: 15429840039211287428

1632 Leeroy the Carver (level 8, 0/38 HPs)
             Began as a Vine Stalker Warper on Feb 19, 2023.
             Slain by a black bear (6 damage)
             ... on level 5 of the Dungeon.
             The game lasted 00:12:37 (6195 turns).

Leeroy the Carver (Vine Stalker Warper)             Turns: 6195, Time: 00:12:38

Health: 0/38       AC:  6    Str: 14    XL:     8   Next: 98%
Magic:  0/12       EV: 11    Int: 13    God:
Gold:   360        SH:  0    Dex: 16    Spells: 2/11 levels left

rFire   . . .      SeeInvis .    y - +0 short sword (venom)
rCold   . . .      Faith    .    (no shield)
rNeg    . . .      Spirit   +    b - +0 leather armour
rPois   +          Reflect  .    f - +0 helmet
rElec   .          Harm     .    I - +0 cloak
rCorr   .          Rampage  .    (no gloves)
Will    ++...                    M - +0 pair of boots
Stlth   +                        (no amulet)
HPRegen 1.06/turn                r - ring of willpower
MPRegen 0.13/turn                B - ring of poison resistance

@: no status effects
A: fangs 3, regeneration 1, magic shield, antimagic bite, no potion heal 2
a: no special abilities


You were on level 5 of the Dungeon.
You visited 1 branch of the dungeon, and saw 6 of its levels.

You collected 360 gold pieces.

Inventory:

Hand Weapons
 a - a +0 falchion
 y - a +0 short sword of venom (weapon)
 A - a +0 long sword
 D - the +5 spear "Agum" {holy, rElec}
   (You found it on level 3 of the Dungeon)

   rElec:     It insulates you from electricity.
 F - the +1 flail "Qairrouts" {heavy, *Rage rElec rCorr Dex+2}
   (You found it on level 3 of the Dungeon)

   Dex:       It affects your dexterity (+2).
   rElec:     It insulates you from electricity.
   *Rage:     It berserks you when you make melee attacks (+20% chance).
   rCorr:     It protects you from acid and corrosion.
Missiles
 d - 7 boomerangs of dispersal
 m - 9 poisoned darts (quivered)
 v - a silver boomerang
 w - 2 javelins
Armour
 b - a +0 leather armour (worn)
 f - a +0 helmet (worn)
 x - an orb of guile
 I - a +0 cloak (worn)
 M - a +0 pair of boots (worn)
Magical Staves
 O - a staff of death
Jewellery
 r - a ring of willpower (left hand)
 z - a ring of fire
 B - a ring of poison resistance (right hand)
Wands
 l - a wand of flame (19)
 G - a wand of paralysis (13)
 L - a wand of mindburst (15)
Scrolls
 c - a scroll of blinking
 h - 2 scrolls of noise {unknown}
 i - 2 scrolls of identify {unknown}
 n - a scroll of fog {unknown}
 o - 2 scrolls of teleportation {unknown}
 p - 2 scrolls of poison {unknown}
 q - 2 scrolls of vulnerability {unknown}
 H - a scroll of magic mapping {unknown}
 K - a scroll of brand weapon {unknown}
 N - a scroll of butterflies {unknown}
Potions
 e - a potion of lignification {unknown}
 g - a potion of invisibility {unknown}
 j - a potion of resistance {unknown}
 k - 4 potions of curing {unknown}
 s - 2 potions of magic {unknown}
 t - 2 potions of haste {unknown}
 u - 2 potions of heal wounds {unknown}
 C - a potion of might {unknown}
 E - a potion of attraction {unknown}
 J - a potion of brilliance {unknown}


   Skills:
 - Level 1.7 Fighting
 + Level 10.3 Long Blades
 - Level 0.8 Throwing
 - Level 0.7 Armour
 - Level 1.5 Dodging
 - Level 2.1 Spellcasting
 - Level 3.0 Translocations
 - Level 0.2 Air Magic


You had 2 spell levels left.
You knew the following spells:

 Your Spells              Type           Power      Damage    Failure   Level
a - Blink                 Tloc           18%        N/A       14%         2
b - Vhi's Electric Charg  Tloc/Air       10%        N/A       43%         3
c - Manifold Assault      Tloc           9%         N/A       67%         4

Your spell library contained the following spells:

 Spells                   Type           Power      Damage    Failure   Level
 Lesser Beckoning         Tloc           18%        N/A       14%         2
 Magic Dart               Conj           4%         1d3       32%         1
 Summon Small Mammal      Summ           4%         N/A       32%         1
 Searing Ray              Conj           2%         2d4       43%         2
 Teleport Other           Tloc           9%         N/A       28%         3
 Call Canine Familiar     Summ           1%         N/A       67%         3
 Summon Guardian Golem    Hex/Summ       1%         N/A       67%         3
 Fulminant Prism          Conj/Hex       0%         3d5       97%         4


Dungeon Overview and Level Annotations

Branches:
Dungeon (6/15)
 Temple: D:4-7

Altars:
Ashenzari
Fedhas
Hepliaklqana
Kikubaaqudgha
The Shining One

Shops:
D:6 :


Innate Abilities, Weirdness & Mutations

You have razor-sharp teeth.
Your natural rate of healing is unusually fast.
When hurt, damage is shared between your health and your magic reserves.
Your bite disrupts and absorbs the magic of your enemies.
Potions cannot restore your health.


Message History

A mysterious force pulls you upwards. The hatch slams shut behind you.
The ice beast hits you but does no damage.
The black bear barely misses you. The black bear closely misses you.
The black bear claws you.
Okay, then.
Cast which spell? (? or * to list)
You blink.
The ice beast attacks as you move away! The ice beast closely misses you.
The black bear looks more healthy.
The black bear attacks as you move away!
The black bear bites you. The black bear misses you.
The black bear barely misses you.
You feel stable enough to blink again. The black bear bites you.
The black bear claws you but does no damage.
The black bear claws you.
You closely miss the black bear. Your bite misses the black bear.
The black bear is almost dead.
The black bear bites you but does no damage.
The black bear misses you. The black bear claws you.
You hit the black bear.
The black bear is almost dead.
The black bear bites you. The black bear barely misses you.
The black bear claws you.
You hit the black bear.
The black bear is poisoned.
The black bear is almost dead.
The black bear bites you!
* * * LOW HITPOINT WARNING * * *
The black bear claws you but does no damage.
The black bear claws you.
* * * LOW HITPOINT WARNING * * *
The black bear attacks as you move away!
The black bear bites you.
* * * LOW HITPOINT WARNING * * *
The black bear claws you.
* * * LOW HITPOINT WARNING * * *
The black bear closely misses you.
There is a stone staircase leading down, spattered with blood here.
The black bear bites you!
You die...

#..#...#.#......# ###...
#.####.#.#.###### ###. #.#
#.#.#.....## ## #.#
#.#........# #
#.####.#.##.#..##
#......#.##.#..#
#######..##.####
#...##.##### #)@..#.....# #
#h##.#..#### #
#Y##.#..###########
####.##.#...#.......##
##....#..<####.#####.##
####.....###....#.# #.#.
##........'...##.#.#####.##
#..)########..#..).....#.#
###ยง..### #..####.###.#.##


You could see a black bear (berserk, very poisoned) and an ice beast.

Vanquished Creatures
  Grinder (D:6)
  A black bear (D:4)
  A sky beast (D:6)
  A phantom (D:6)
  A centaur (D:6)
  A bullfrog (D:6)
  Blork the orc (D:4)
  A gnoll sergeant (D:6)
  3 necrophages
  A scorpion (D:5)
  A wight (D:6)
  3 hounds
  2 orc priests
  3 orc wizards
  3 iguanas
  10 adders
  13 gnolls
  2 white imps
  An ufetubus (D:6)
  2 worms
  4 dart slugs
  22 orcs
  8 ball pythons
  6 endoplasms
  A giant cockroach (D:4)
  6 hobgoblins
  4 kobolds
  4 quokkas
  4 bats
  6 frilled lizards
  6 rats
123 creatures vanquished.

Notes
Turn   | Place    | Note
-------+----------+-------------------------------------------
     0 | D:1      | Leeroy the Vine Stalker Warper began the quest for the Orb.
     0 | D:1      | Reached XP level 1. HP: 11/11 MP: 4/4
    31 | D:1      | Reached skill level 2 in Long Blades
   159 | D:1      | Reached XP level 2. HP: 15/15 MP: 6/6
   620 | D:2      | Reached skill level 3 in Long Blades
   657 | D:2      | Reached XP level 3. HP: 18/18 MP: 7/7
  1207 | D:3      | Found a glowing golden altar of the Shining One.
  1252 | D:3      | Gained mutation: Your natural rate of healing is unusually
                  | fast. [Vine Stalker growth]
  1252 | D:3      | Reached XP level 4. HP: 23/23 MP: 6/8
  1255 | D:3      | Learned a level 2 spell: Blink
  1259 | D:3      | Learned a level 3 spell: Vhi's Electric Charge
  1276 | D:3      | Identified the +5 spear "Agum" {holy, rElec}
  1408 | D:4      | Noticed Blork the orc
  1423 | D:4      | Killed Blork the orc
  1424 | D:4      | Reached skill level 4 in Long Blades
  1424 | D:4      | Reached XP level 5. HP: 14/26 MP: 3/9
  1698 | D:4      | Found an ancient bone altar of Kikubaaqudgha.
  1811 | D:4      | Noticed a black bear
  2013 | D:3      | Found a broken altar of Ashenzari.
  2043 | D:3      | HP: 1/26 [orc/+1 heavy mace (11)]
  2327 | D:4      | HP: 1/26 [black bear (3)]
  2329 | D:4      | Killed a black bear
  2330 | D:4      | Reached skill level 5 in Long Blades
  2330 | D:4      | Reached XP level 6. HP: 4/30 MP: 1/10
  3075 | D:5      | Entered Level 5 of the Dungeon
  3123 | D:5      | Reached skill level 6 in Long Blades
  3499 | D:3      | Found a faded altar of an unknown god.
  3530 | D:3      | Found a blossoming altar of Fedhas.
  3559 | D:3      | Found a hazy altar of Hepliaklqana.
  3783 | D:3      | Identified the +1 flail "Qairrouts" {heavy, *Rage rElec
                  | rCorr Dex+2}
  4018 | D:5      | Reached XP level 7. HP: 34/34 MP: 11/11
  4023 | D:5      | Learned a level 4 spell: Manifold Assault
  4161 | D:5      | Reached skill level 7 in Long Blades
  5524 | D:6      | Reached skill level 8 in Long Blades
  5544 | D:6      | Gained mutation: You have razor-sharp teeth. [Vine Stalker
                  | growth]
  5544 | D:6      | Reached XP level 8. HP: 7/38 MP: 1/12
  5635 | D:6      | Found Teggocut's Book Emporium.
  5712 | D:6      | Noticed Grinder
  5730 | D:6      | Killed Grinder
  5780 | D:6      | Reached skill level 9 in Long Blades
  6087 | D:6      | Reached skill level 10 in Long Blades
  6160 | D:6      | Noticed a two-headed ogre
  6195 | D:5      | Slain by a black bear

Illustrated notes

Levels and vault maps discovered:
D:1:      lemuel_arrival_hallway, layout_rooms
D:2:      layout_rooms, roderic_roman_lattice
D:3:      layout_loops_cross, lemuel_tele_altar, ashenzari_altar_1,
          fedhas_altar_2, nicolae_tso_swordbearing_angel,
          dreamdust_ecumenical_altar_grove
D:4:      layout_basic, mainiacjoe_overflow_alcove_2,
          amcnicky_mini_corridor_feature, uniq_blork_the_orc
D:5:      layout_basic, serial_curves, eino_curves_01, eino_curves_02,
          eino_curves_04, eino_curves_03
D:6:      cheibrodos_barr_body, layout_basic, serial_shops, shop_coins,
          uniq_grinder

Skill      XL: |  1  2  3  4  5  6  7  8 |
---------------+-------------------------+-----
Long Blades    | 2 3 4 5 6 8 10 | 10.3
Fighting       | |  1.7
Throwing       | |  0.8
Armour         | |  0.7
Dodging        | |  1.5
Spellcasting   | |  2.1
Translocations | |  3.0
Air Magic      | |  0.2

Action                     |  1- 3 |  4- 6 |  7- 9 || total
---------------------------+-------+-------+-------++-------
  Melee: Falchion          |    86 |   106 |       ||   192
         Bite              |    22 |    61 |    77 ||   160
         Punch             |     1 |     1 |     6 ||     8
         Short sword       |       |    92 |   229 ||   321
         Spear             |       |       |    17 ||    17
  Throw: Dart              |       |     1 |       ||     1
   Cast: Blink             |       |     1 |     1 ||     2
   Stab: Sleeping          |     1 |     1 |     1 ||     3
 Armour: Leather armour    |    27 |    47 |    78 ||   152
  Dodge: Dodged            |    69 |   146 |   115 ||   330

Table legend: (Time is in decaauts)
 A = Elapsed time spent in this place.
 B = Non-inter-level travel time spent in this place.
 C = Inter-level travel time spent in this place.
 D = Time resting spent in this place.
 E = Time spent auto-exploring this place.
 F = Levels seen in this place.
 G = Mean time per level.
                   A        B        C        D        E       F      G
               +--------+--------+--------+--------+--------+-----+--------+
         Total |   6149 |   5834 |    315 |   1074 |   3446 |   6 | 1024.8 |
       Dungeon |   6149 |   5834 |    315 |   1074 |   3446 |   6 | 1024.8 |
               +--------+--------+--------+--------+--------+-----+--------+

Top non-repeatable levels by time:
     D:4: 2122 daAuts
     D:5: 1163 daAuts
     D:6: 879 daAuts
     D:3: 815 daAuts
     D:2: 620 daAuts
     D:1: 549 daAuts
